 Dungeon Crawl Stone Soup version 0.30.0-5-g1a98f26d00 (webtiles) character file.

Game seed: 4378734119069309196

170 Dordric the Shooter (level 5, -2/38 HPs)
             Began as a Formicid Hunter on May 12, 2023.
             Slain by an orc
             ... wielding a +0 war axe
              (8 damage)
             ... on level 3 of the Dungeon.
             The game lasted 00:02:49 (1522 turns).

Dordric the Shooter (Formicid Hunter)               Turns: 1522, Time: 00:02:51

Health: -2/38      AC:  3    Str: 13 (15) XL:     5   Next: 80%
Magic:  5/5        EV: 12    Int:  7 (9)  God:
Gold:   136        SH:  0    Dex: 17 (19) Spells: 1/4 levels left

rFire   . . .        a - +0 shortbow
rCold   . . .        (no shield)
rNeg    . . .        c - +0 leather armour
rPois   .            (helmet unavailable)
rElec   .            (no cloak)
rCorr   .            (no gloves)
SInv    +            (no boots)
Will    .....        (no amulet)
Stlth   ++           (no ring)
HPRegen 0.26/turn    (no ring)
MPRegen 0.09/turn

%: no passive effects
@: no status effects
A: permanent stasis, dig shafts and tunnels, antennae 3, four strong arms
a: Dig, Shaft Self


You were on level 3 of the Dungeon.
You visited 1 branch of the dungeon, and saw 3 of its levels.

You collected 136 gold pieces.

Inventory:

Hand Weapons
 a - a +0 shortbow (weapon)
Armour
 c - a +0 leather armour (worn)
 h - a +0 ring mail
Scrolls
 b - 2 scrolls of immolation
 d - a scroll of blinking {unknown}
 e - 2 scrolls of magic mapping {unknown}
 f - a scroll of identify {unknown}
 j - a scroll of acquirement {unknown}
 l - 2 scrolls of teleportation
 n - a scroll of vulnerability {unknown}
Potions
 i - 2 potions of flight


   Skills:
 - Level 2.1 Fighting
 + Level 5.8 Ranged Weapons
 - Level 2.7 Armour
 - Level 1.7 Dodging
 - Level 1.2 Stealth
 + Level 0.4 Spellcasting
 + Level 1.1 Hexes


You had one spell level left.
You knew the following spells:

 Your Spells              Type           Power      Damage    Failure   Level
a - Portal Projectile     Hex/Tloc       0%         N/A       80%         3

Your spell library contained the following spells:

 Spells                   Type           Power      Damage    Failure   Level
 Apportation              Tloc           0%         N/A       50%         1
 Necrotise                Necr           0%         1d4       50%         1
 Summon Small Mammal      Summ           0%         N/A       50%         1
 Call Canine Familiar     Summ           0%         N/A       86%         3
 Leda's Liquefaction      Hex/Erth       0%         N/A       99%         4


Dungeon Overview and Level Annotations

Branches:
Dungeon (3/15)

Altars:

Shops:
D:2 *


Innate Abilities, Weirdness & Mutations

You cannot be hasted, slowed, berserked, paralysed or teleported.
You can dig through walls and to a lower floor.
You have a pair of large antennae on your head. (SInv)
Your four strong arms can wield two-handed weapons with a shield.


Message History

The adder barely misses you. The adder bites you but does no damage.
Fire: a) +0 shortbow
Press: ? - help, Shift-Dir - straight line, f/p - adder
Aim: an adder (heavily wounded, 46% to hit)
You shoot an arrow. The arrow misses the adder.
The arrow hits the frilled lizard.
You kill the frilled lizard!
The adder misses you.
Your Hexes skill increases to level 1!
Fire: a) +0 shortbow
Press: ? - help, Shift-Dir - straight line, f/p - adder
Aim: an adder (heavily wounded, 46% to hit)
You shoot an arrow. The arrow hits the adder!
You kill the adder!
Fire: a) +0 shortbow
Press: ? - help, Shift-Dir - straight line, f - orc
Aim: an orc, wielding a +0 war axe, wearing a +0 ring mail and quivering boomerangs of dispersal (66% to hit)
You shoot an arrow. The arrow hits the orc.
The orc is lightly wounded.
The orc hits you but does no damage.
Fire: a) +0 shortbow
Press: ? - help, Shift-Dir - straight line, f/p - orc
Aim: an orc, wielding a +0 war axe, wearing a +0 ring mail and quivering boomerangs of dispersal (lightly wounded, 66% to hit)
You shoot an arrow. The arrow barely misses the orc.
The orc hits you with a +0 war axe!
* * * LOW HITPOINT WARNING * * *
The orc closely misses you.
Fire: a) +0 shortbow
Press: ? - help, Shift-Dir - straight line, f/p - orc
Aim: an orc, wielding a +0 war axe, wearing a +0 ring mail and quivering boomerangs of dispersal (lightly wounded, 66% to hit)
You shoot an arrow. The arrow hits the orc.
The orc is heavily wounded.
The orc hits you with a +0 war axe.
* * * LOW HITPOINT WARNING * * *
Fire: a) +0 shortbow
Press: ? - help, Shift-Dir - straight line, f/p - orc
Aim: an orc, wielding a +0 war axe, wearing a +0 ring mail and quivering boomerangs of dispersal (heavily wounded, 66% to hit)
You shoot an arrow. The arrow closely misses the orc.
The orc hits you with a +0 war axe!
You die...

#.##.#.##.#####.#####
#......##)#####.# #
#.##...##.......# #
#.####.########## #
##.# ##.# ... ...##
..#####.# #...
........###.#
.()$.)..†o@.# #
.)......###.# #
..#####.# #.# #
o.###.### #
####.....# ####### #
#.....####.....# #
#........#.###.# #
########...# #.####
###.###.....


You could see an orc.

Vanquished Creatures
  A scorpion (D:2)
  5 adders
  3 worms
  4 dart slugs
  4 orcs (D:3)
  2 bats (D:2)
  6 endoplasms
  6 giant cockroaches
  3 goblins
  2 hobgoblins (D:2)
  A kobold (D:2)
  A quokka (D:1)
  5 ball pythons
  3 frilled lizards
  7 rats
53 creatures vanquished.

Notes
Turn   | Place    | Note
-------+----------+-------------------------------------------
     0 | D:1      | Dordric the Formicid Hunter began the quest for the Orb.
     0 | D:1      | Reached XP level 1. HP: 16/16 MP: 1/1
    96 | D:1      | Reached XP level 2. HP: 22/22 MP: 2/2
   296 | D:1      | Reached XP level 3. HP: 22/27 MP: 3/3
   537 | D:2      | Reached skill level 5 in Ranged Weapons
   568 | D:2      | Reached skill level 1 in Armour
   635 | D:2      | Reached XP level 4. HP: 33/33 MP: 4/4
   744 | D:2      | Noticed a scorpion
   752 | D:2      | Killed a scorpion
   753 | D:2      | Reached XP level 5. HP: 27/38 MP: 5/5
   952 | D:2      | Found Qazeson's General Store.
  1269 | D:2      | Learned a level 3 spell: Portal Projectile
  1518 | D:3      | Reached skill level 1 in Hexes
  1522 | D:3      | Slain by an orc

Illustrated notes

Levels and vault maps discovered:
D:1:      tarquinn_simple_flora_water_b, layout_basic
D:2:      layout_loops_ring, serial_shops, nicolae_shop_peninsula,
          grunt_ministairs_15, minmay_octomino_e4
D:3:      layout_loops_cross, nicolae_overflow_hallway_of_the_gods,
          serial_shops, shop, shapermc_ecumenical_altar_notcrosses,
          hangedman_decor_lopped

Skill      XL: |  1  2  3  4  5 |
---------------+----------------+-----
Ranged Weapons | 5 |  5.8
Armour         | 1 2 |  2.7
Hexes          | 1 |  1.1
Fighting       | |  2.1
Dodging        | |  1.7
Stealth        | |  1.2
Spellcasting   | |  0.4

Action                     |  1- 3 |  4- 6 || total
---------------------------+-------+-------++-------
   Fire: Shortbow          |    59 |    87 ||   146
    Use: Potion            |       |     4 ||     4
         Scroll            |       |     1 ||     1
 Armour: Leather armour    |     5 |    20 ||    25
  Dodge: Dodged            |     9 |    48 ||    57
